 Dungeon Crawl Stone Soup version 0.27-a0-906-g0a00ce863d (webtiles) character file.

Game seed: 2465184463175293190

13 srzhan31 the Digger (level 2, -1/20 HPs)
             Began as a Demigod Earth Elementalist on Apr 7, 2021.
             Slain by a hobgoblin (3 damage)
             ... led by Robin
             ... on level 2 of the Dungeon.
             The game lasted 00:02:04 (645 turns).

srzhan31 the Digger (Demigod Earth Elementalist)     Turns: 645, Time: 00:02:04

Health: -1/20      AC:  2    Str:  9    XL:     2   Next: 12%
Magic:  0/7        EV: 12    Int: 17    God:
Gold:   59         SH:  0    Dex: 14    Spells: 4/5 levels left

rFire    . . .     SeeInvis .   (no weapon)
rCold    . . .     Faith    .   (no shield)
rNeg     . . .     Spirit   .   c - +0 robe
rPois    .         Reflect  .   (no helmet)
rElec    .         Harm     .   (no cloak)
rCorr    +         Rampage  .   (no gloves)
Will     .....                  (no boots)
Stlth    ++........             (no amulet)
HPRegen  0.06/turn              a - ring of resist corrosion
MPRegen  0.10/turn              (no ring)

@: very slightly contaminated
A: high mp 1, forlorn
a: no special abilities


You were on level 2 of the Dungeon.
You visited 1 branch of the dungeon, and saw 2 of its levels.

You collected 59 gold pieces.

Inventory:

Missiles
 b - 65 stones
Armour
 c - a +0 robe (worn)
Jewellery
 a - a ring of resist corrosion (left hand)
Scrolls
 e - 3 scrolls of identify {unknown}
 f - a scroll of immolation {unknown}
Potions
 d - a potion of mutation {unknown}
 g - 2 potions of invisibility {unknown}


   Skills:
 + Level 1.8 Dodging
 + Level 1.7 Stealth
 * Level 2.1 Spellcasting
 - Level 1.0 Transmutations
 * Level 3.0 Earth Magic


You had 4 spell levels left.
You knew the following spells:

 Your Spells              Type           Power      Damage    Failure   Level
a - Sandblast             Erth           24%        2d8       5%          1

Your spell library contained the following spells:

 Spells                   Type           Power      Damage    Failure   Level
 Passwall                 Tmut/Erth      6%         N/A       13%         2
 Stone Arrow              Conj/Erth      14%        3d7       30%         3
 Petrify                  Tmut/Erth      8%         N/A       63%         4
 Lee's Rapid Deconstruct  Erth           6%         3d7*      83%         5


Dungeon Overview and Level Annotations

Branches:
Dungeon (2/15)

Annotations:
D:2 Robin


Innate Abilities, Weirdness & Mutations

Your attributes grow dramatically as you level up.
You have an increased reservoir of magic. (+10% MP)
You shall have no god before yourself.


Message History

Aiming: Sandblast (safe; 5% risk of failure)
Press: ? - help, Q - select action, (/) - cycle Shift-Dir - straight line, f/p - Robin
Aim: Robin, wielding a +0 short sword, wearing a +0 animal skin and wearing a +1 helmet (almost dead, 15% to evade)
The blast of sand hits Robin.
Robin is almost dead.
Robin misses you.
A hobgoblin comes into view.
You don't have enough magic to cast this spell.
Unknown command.
Robin roars a battlecry!
The goblins go into a battle-frenzy!
Robin throws the goblin at you!
Aiming: Sandblast (safe; 5% risk of failure)
Press: ? - help, Q - select action, (/) - cycle Shift-Dir - straight line, f/p - Robin
Aim: Robin, wielding a +0 short sword, wearing a +0 animal skin and wearing a +1 helmet (severely wounded, 15% to evade)
The blast of sand hits Robin but does no damage.
Robin is severely wounded.
The goblin hits you with a +0 club. The goblin hits you with a +0 club.
Robin says, "A pitiful Demigod like you will never find the ORB!"
A goblin comes into view. It is wielding a +0 club.
Robin throws the goblin at you!
The hobgoblin shouts!
The goblin barely misses you. Robin throws the goblin at you!
The hobgoblin completely misses you. The goblin barely misses you.
Robin hits you with a +0 short sword!
* * * LOW HITPOINT WARNING * * *
The hobgoblin completely misses you.
Robin says, "My goblins will feast on your bones."
Robin says, "Feeling lonely?"
Robin throws the goblin at you! Robin throws the goblin at you!
Aiming: Sandblast (safe; 5% risk of failure)
Press: ? - help, Q - select action, (/) - cycle Shift-Dir - straight line, f/p - Robin
Aim: Robin, wielding a +0 short sword, wearing a +0 animal skin and wearing a +1 helmet (severely wounded, 15% to evade)
You miscast Sandblast.
You are very lightly contaminated with residual magic.
Nothing appears to happen.
The hobgoblin barely misses you. The hobgoblin hits you.
You die...

# # .# ### ..# ..#
##.# #.########
##...#
#...g....#######.g#
######...)....gg@#
#........gg##
#........g.#
#..........#
#......<...#
#..........#
############


You could see Robin, 2 hobgoblins and 3 goblins.

Vanquished Creatures
  A giant cockroach (D:1)
  3 goblins (D:2)
  2 hobgoblins (D:2)
  A quokka (D:1)
  A ball python (D:1)
  A kobold (D:1)
  3 rats
12 creatures vanquished.

Notes
Turn   | Place    | Note
-------+----------+-------------------------------------------
     0 | D:1      | srzhan31 the Demigod Earth Elementalist began the quest for
                  | the Orb.
     0 | D:1      | Reached XP level 1. HP: 14/14 MP: 5/5
   254 | D:1      | Reached skill level 1 in Transmutations
   568 | D:2      | Noticed Robin
   576 | D:2      | Reached XP level 2. HP: 17/20 MP: 3/7
   612 | D:2      | Reached skill level 3 in Earth Magic
   645 | D:2      | Slain by a hobgoblin

Illustrated notes

Levels and vault maps discovered:
D:1:      dpeg_arrival_stone_temple_mockup, layout_rooms,
          ebering_dispersal_statue_hall
D:2:      layout_rooms, kennysheep_crisscross, uniq_robin

Skill      XL: |  1  2 |
---------------+-------+-----
Transmutations | 1 |  1.0
Spellcasting   | 2 |  2.1
Earth Magic    | 3 |  3.0
Dodging        | |  1.8
Stealth        | |  1.7

Action                   || total
-------------------------++-------
 Cast: Sandblast         ||    23
Armor: Robe              ||     2
Dodge: Dodged            ||    13

Table legend: (Time is in decaauts)
 A = Elapsed time spent in this place.
 B = Non-inter-level travel time spent in this place.
 C = Inter-level travel time spent in this place.
 D = Time resting spent in this place.
 E = Time spent auto-exploring this place.
 F = Levels seen in this place.
 G = Mean time per level.
                   A        B        C        D        E       F      G
               +--------+--------+--------+--------+--------+-----+--------+
         Total |    644 |    608 |     36 |      0 |    505 |   2 |  322.0 |
       Dungeon |    644 |    608 |     36 |      0 |    505 |   2 |  322.0 |
               +--------+--------+--------+--------+--------+-----+--------+

Top non-repeatable levels by time:
     D:1: 499 daAuts
     D:2: 144 daAuts
